 Seeded DCSS version 0.31-a0-664-g902f515a81 (webtiles) character file.

Game seed: 8226958467842168542 (custom seed)

112 demibob the Poker (level 4, 35/35 HPs)
             Began as a Demonspawn Chaos Knight on Sept 3, 2023.
             Was a Plaything of Xom.
             Quit the game on level 2 of the Dungeon.
             The game lasted 00:02:24 (1449 turns).

demibob the Poker (Demonspawn Chaos Knight)         Turns: 1449, Time: 00:02:25

Health: 35/35      AC:  5    Str: 14    XL:     4   Next: 64%
Magic:  4/4        EV: 11    Int: 14    God:    Xom [..*...]
Gold:   86         SH:  0    Dex: 12    Spells: 3/3 levels left

rFire   . . .        a - +0 spear (chaos)
rCold   . . .        (no shield)
rNeg    . . .        b - +2 leather armour
rPois   .            (helmet restricted)
rElec   .            (no cloak)
rCorr   .            (no gloves)
SInv    .            (no boots)
Will    .....        (no amulet)
Stlth   +            (no ring)
HPRegen 0.25/turn    (no ring)
MPRegen 0.09/turn

%: no passive effects
@: no status effects
A: antennae 1, weakness stinger 1
a: Renounce Religion


You were on level 2 of the Dungeon.
You worshipped Xom.
You were a toy of Xom.
You visited 1 branch of the dungeon, and saw 2 of its levels.

You collected 86 gold pieces.


Innate Abilities, Weirdness & Mutations

You have a pair of small antennae on your head.
You have a small tail.


   Skills:
 - Level 3.0 Fighting
 + Level 5.0 Polearms
 - Level 1.7 Armour
 - Level 0.8 Dodging


You had 3 spell levels left.
You didn't know any spells.
Your spell library contained the following spells:

 Spells                   Type           Power      Damage    Failure   Level
 Sandblast                Erth           0%         2d4       34%         1
 Passwall                 Tmut/Erth      0%         N/A       47%         2
 Hailstorm                Conj/Ice       0%         3d3       71%         3
 Stone Arrow              Conj/Erth      0%         3d7       71%         3
 Summon Ice Beast         Ice/Summ       0%         N/A       98%         4
 Simulacrum               Ice/Necr       0%         N/A       100%        6

Inventory:

Hand Weapons
 a - a +0 spear of chaos (weapon)
 l - a +7 bardiche of pain
Armour
 b - a +2 leather armour (worn)
Scrolls
 c - a scroll of butterflies
 g - a scroll of teleportation {@r2}
 h - 2 scrolls of identify {@r1}
 i - a scroll of amnesia
 j - a scroll of acquirement
Potions
 d - a potion of heal wounds {unknown}
 e - a potion of mutation
 f - 2 potions of curing {@q1}
 k - a potion of lignification {unknown}

Dungeon Overview and Level Annotations

Branches:
Dungeon (2/15)

Altars:

#.....# ###.###.#
#####...###.#
#####.....).....#
#...'...........#####
#.###...............#
#.###..........####.#
##+#.......#########.#
................@..#.#
...........#######.#.#
...........# #.....#.#
...........###.#####.#
........(...........>#
.....#.#.....#+#.###.#
.....#...........# #.#
.....#<#.†††.....###.#
.....#.+.............#


There were no monsters in sight!


Message History

No target in view!
No target in view!
No target in view!
No target in view!
You see here a rat corpse.
You open the door.
There is an open door here.
Found a stone staircase leading down.
g - 2 scrolls labelled SILELEAGOG (gained 1)
You open the door.
There is an open door here.
You see here a +0 club.
There is an open door here.
You open the door.
You see here a +0 club.
Done exploring.
Done exploring.
As you read the scroll labelled GYINUJ ZOEMI, it crumbles to dust.
It is a scroll of amnesia.
You feel forgetful for a moment.
As you read the scroll labelled RAHOECH ELEI, it crumbles to dust.
It is a scroll of identify.
e - a potion of mutation
As you read the scroll labelled SILELEAGOG, it crumbles to dust.
You feel strangely unstable.
It was a scroll of teleportation.
This is a scroll of acquirement!
Something appears at your feet!
l - a +7 bardiche of pain Your surroundings suddenly seem different.
Are you sure you want to abandon this character and quit the game? (Confirm with "yes".)

Skill      XL: |  1  2  3  4 |
---------------+-------------+-----
Polearms       | 3 4 5 |  5.0
Fighting       | |  3.0
Armour         | |  1.7
Dodging        | |  0.8

Action                     |  1- 3 |  4- 6 || total
---------------------------+-------+-------++-------
  Melee: Spear             |   136 |    61 ||   197
         Punch             |     1 |       ||     1
         Tailslap          |       |     6 ||     6
    Use: Potion            |     1 |       ||     1
         Scroll            |     1 |     4 ||     5
   Stab: Paralysed         |     3 |       ||     3
         Petrified         |       |     9 ||     9
         Sleeping          |       |     1 ||     1
 Armour: Leather armour    |   107 |    30 ||   137
  Dodge: Dodged            |   101 |    22 ||   123

Levels and vault maps discovered:
D:1:      psy_arrival_statuary, layout_rooms
D:2:      layout_basic, uniq_robin

Notes
Turn   | Place    | Note
-------+----------+-------------------------------------------
     0 | D:1      | demibob the Demonspawn Chaos Knight began the quest for the
                  | Orb.
     0 | D:1      | Reached XP level 1. HP: 18/18 MP: 1/1
   107 | D:1      | Reached skill level 3 in Polearms
   107 | D:1      | You feel monstrous as your demonic heritage exerts itself.
   107 | D:1      | Discovered your monstrous ancestry.
   107 | D:1      | Gained mutation: You have a pair of small antennae on your
                  | head. [demonic ancestry]
   107 | D:1      | Reached XP level 2. HP: 24/24 MP: 2/2
   189 | D:1      | Reached XP level 3. HP: 18/29 MP: 3/3
   278 | D:1      | Reached skill level 4 in Polearms
   519 | D:2      | XOM: divination: detect creatures
   707 | D:2      | Noticed Robin
   719 | D:2      | Killed Robin
   747 | D:2      | Gained mutation: You have a small tail. [demonic ancestry]
   747 | D:2      | Reached XP level 4. HP: 32/35 MP: 4/4
  1057 | D:2      | XOM: silly message
  1066 | D:2      | XOM: potion effect (attraction)
  1267 | D:2      | Reached skill level 5 in Polearms
  1447 | D:2      | Identified 2 scrolls of acquirement
  1447 | D:2      | Acquired a +7 bardiche of pain
  1449 | D:2      | Quit the game

Vanquished Creatures
  Robin (D:2)
  2 adders (D:2)
  A gnoll (D:1)
  2 worms (D:2)
  4 ball pythons
  2 bats (D:1)
  4 endoplasms
  14 goblins
  6 hobgoblins
  11 jackals
  3 quokkas
  A frilled lizard (D:2)
  2 kobolds (D:1)
  8 rats
61 creatures vanquished.

Vanquished Creatures (collateral kills)
  A ball python (D:1)
1 creature vanquished.

Grand Total: 62 creatures vanquished

Table legend: (Time is in decaauts)
 A = Elapsed time spent in this place.
 B = Non-inter-level travel time spent in this place.
 C = Inter-level travel time spent in this place.
 D = Time resting spent in this place.
 E = Time spent auto-exploring this place.
 F = Levels seen in this place.
 G = Mean time per level.
                   A        B        C        D        E       F      G
               +--------+--------+--------+--------+--------+-----+--------+
         Total |   1428 |   1409 |     19 |      2 |   1095 |   2 |  714.0 |
       Dungeon |   1428 |   1409 |     19 |      2 |   1095 |   2 |  714.0 |
               +--------+--------+--------+--------+--------+-----+--------+

Top non-repeatable levels by time:
     D:2: 952 daAuts
     D:1: 475 daAuts

Table legend:
 A = Non-vault XP
 B = Vault XP
 C = Vault XP percentage of total XP
 D = Non-vault monster count
 E = Vault monster count
 F = Vault count percentage of total count
                 A         B        C        D         E       F
            +---------+---------+-------+---------+---------+-------
      Total |     127 |      34 |  21.1 |      50 |      12 |  19.4
            +---------+---------+-------+---------+---------+-------
        D:1 |      56 |       0 |   0.0 |      26 |       0 |   0.0
        D:2 |      71 |      34 |  32.4 |      24 |      12 |  33.3
            +---------+---------+-------+---------+---------+-------
